 Dungeon Crawl Stone Soup version 0.32-a0-560-g4c7f4391e0 (webtiles) character file.

Game seed: 10952334185249752649

9546 ezpacito the Trooper (level 11, -8/83 HPs)
             Began as a Demonspawn Chaos Knight on Feb 29, 2024.
             Was a Plaything of Xom.
             Mangled by a red devil
             ... wielding a +0 trident
             ... summoned by Xom
              (11 damage)
             ... on level 8 of the Dungeon.
             The game lasted 00:15:11 (6819 turns).

ezpacito the Trooper (Demonspawn Chaos Knight)      Turns: 6819, Time: 00:15:11

Health: -8/83      AC: 23    Str: 20    XL:     11   Next: 24%
Magic:  11/18      EV: 13    Int: 11    God:    Xom [......]
Gold:   320        SH:  4    Dex: 15    Spells: 9/20 levels left

rFire   . . .        a - +2 hand axe (chaos)
rCold   . . .        (no shield)
rNeg    + . .        s - +5 ring mail {rC+}
rPois   .            x - +0 helmet
rElec   .            c - +0 cloak
rCorr   .            h - +0 pair of gloves
SInv    .            (no boots)
Will    .....        k - amulet of the acrobat
Stlth   +++          N - ring of positive energy
HPRegen 0.33/turn    W - ring of wizardry
MPRegen 0.16/turn

%: acrobat, wizardry (x1)
@: mighty, spiked
A: thin skeletal structure 1, icemail 2, powered by pain 1, condensation shield,
demonic touch 1, strong 1, evolution 1, cold vulnerability 1, MP-powered wands
a: Renounce Religion


You were on level 8 of the Dungeon.
You worshipped Xom.
You were a very special plaything of Xom.
You visited 2 branches of the dungeon, and saw 9 of its levels.

You collected 320 gold pieces.

Inventory:

Hand Weapons
 a - a +2 hand axe of chaos (weapon)
 u - the +4 rapier "Tajuis" {spect, Dex+2}
   (You found it on level 4 of the Dungeon)

   Dex+2:     It affects your dexterity (+2).
Missiles
 e - 5 atropa-tipped darts (quivered)
 r - 6 boomerangs
Armour
 b - +0 steam dragon scales
 c - a +0 cloak (worn)
 h - a +0 pair of gloves (worn)
 s - a +5 ring mail of cold resistance (worn)
 x - a +0 helmet (worn)
Jewellery
 k - an amulet of the acrobat (around neck)
 N - a ring of positive energy (left hand)
 W - a ring of wizardry (right hand)
Wands
 m - a wand of roots (6)
 w - a wand of flame (33)
 A - a wand of acid (5)


   Skills:
 * Level 6.5 Fighting
 * Level 5.9(6.4) Axes
 + Level 3.6(5.3) Polearms
 * Level 5.8 Armour
 * Level 5.3 Dodging
 + Level 4.0 Stealth
 * Level 5.2 Unarmed Combat
 * Level 5.2 Spellcasting
 + Level 3.7 Hexes
 + Level 3.2 Summonings
 * Level 5.1 Necromancy
 + Level 2.9 Ice Magic
 + Level 3.9 Evocations


You had 9 spell levels left.
You knew the following spells:

 Your Spells              Type           Power      Damage    Failure   Level
a - Ensorcelled Hibernat  Hex/Ice        20%        N/A       5%          2
b - Monstrous Menagerie   Summ           5%         N/A       100%        7
m - Sublimation of Blood  Necr           14%        N/A       2%          2

Your spell library contained the following spells:

 Spells                   Type           Power      Damage    Failure   Level
 Summon Ice Beast         Ice/Summ       9%         N/A       12%         3
 Dazzling Flash           Conj/Hex       12%        N/A       19%         3
 Blink                    Tloc           4%         N/A       21%         2
 Lesser Beckoning         Tloc           4%         N/A       21%         2
 Momentum Strike          Conj/Tloc      4%         3d8       21%         2
 Passwall                 Erth           2%         N/A       38%         3
 Swiftness                Air            2%         N/A       38%         3
 Volatile Blastmotes      Fire/Tloc      4%         2d10      38%         3
 Summon Mana Viper        Hex/Summ       10%        N/A       63%         5
 Petrify                  Alch/Erth      2%         N/A       77%         4
 Irradiate                Conj/Alch      1%         3d12      97%         5
 Starburst                Conj/Fire      1%         6d3       100%        6
 Maxwell's Capacitive Co  Air            1%         ∞         100%        8


Dungeon Overview and Level Annotations

Branches:
Dungeon (8/15)             Temple (1/1) D:6            Lair (0/5) D:8

Altars:
Ashenzari
Fedhas
Gozag
Makhleb
Nemelex Xobeh
Okawaru
Qazlal
Ru
Sif Muna
Uskayaw
Wu Jian
Xom
Yredelemnul

Shops:
D:7 [

Annotations:
D:3 1 runed translucent door


Innate Abilities, Weirdness & Mutations

You have a somewhat thin skeletal structure. (Dex +2, Stealth+)
A meltable icy envelope protects you from harm. (AC +8)
You sometimes gain a little power by taking damage.
A meltable shield of frost defends you. (SH +4)
Your touch may inflict minor irresistible damage on your foes.
Your muscles are strong. (Str +4, Int/Dex -1)
You have hidden genetic potential.
You are vulnerable to cold. (rC-)
You expend magic power (3 MP) to strengthen your wands.


Message History

Okay, then.
Aiming: Corrosive Bolt
Press: ? - help, Shift-Dir - straight line, f - red devil
Aim: a red devil, wielding a +0 trident (summoned, 64% to hit)
You feel a surge of power!
The bolt of acid hits the red devil!
The acid corrodes the red devil!
The red devil is moderately wounded.
The iron imp hits you but does no damage. x2
The red devil hits you from afar with a +0 trident.
* * * LOW HITPOINT WARNING * * *
Barbed spikes become lodged in your body.
The chaos spawn completely misses you. You block the chaos spawn's attack.
You take 1 damage, and have 2/83 hp.
You now have 15/18 mp.
Aiming: Corrosive Bolt
Press: ? - help, Shift-Dir - straight line, f/p - red devil
Aim: a red devil, wielding a +0 trident (moderately wounded, summoned, covered in acid, 64% to hit)
You feel a surge of power!
The bolt of acid misses the red devil.
The iron imp hits you but does no damage.
The red devil barely misses you. The iron imp barely misses you.
The chaos spawn tentacle-slaps you but does no damage.
The chaos spawn tail-slaps you but does no damage.
You now have 13/18 mp.
Casting: Ensorcelled Hibernation (safe; 5% risk of failure)
Confirm with . or Enter, or press ? or * to list all spells.
Aiming: Ensorcelled Hibernation (safe; 5% risk of failure)
Press: ? - help, Shift-Dir - straight line, f/p - red devil
Aim: a red devil, wielding a +0 trident (moderately wounded, summoned, covered in acid, chance to affect: 14%)
The red devil resists with almost no effort.
The chaos spawn barely misses you.
The chaos spawn stings you but does no damage.
The red devil completely misses you.
You now have 11/18 mp.
You slice the chaos spawn!!
The chaos spawn is severely wounded.
You closely miss the iron imp. You slash the iron imp!
The iron imp appears confused.
You hit the chaos spawn. The iron imp completely misses you. x2
The chaos spawn punches you but does no damage.
The red devil hits you from afar with a +0 trident!
You die...

*,,,,,,,,**************
****++###*,,*
**,,,,,...#*,*
**,,,,,,....#**
**,,,,,**.....#*
*,,,,,,**......#*
,,,,,,,**.......##
,,,,,,,**......45#
,,,,,,***♣....54@#
,,,,,** ♣♣....5.#
,***** ♣♣♣♣♣.4# ,*****
♣♣♣♣♣..# ,....**
♣♣......#
......♣*♣♣.......#
.......*♣.......)#
.......*♣.......##
#......*♣......##


You could see a red devil (summoned, corroded), 2 chaos spawn, 2 iron imps and a
white imp (summoned).

Vanquished Creatures
  Pikel (D:4)
  Joseph (D:7)
  A black mamba (D:8)
  An ice devil (D:3)
  The ghost of DeathSocks the Scholar of Death, an amateur DsNe of Kikubaaqudgha (D:3)
  4 yaks (D:8)
  A shadow (D:8)
  A wyvern (D:6)
  3 steam dragons (D:6)
  Edmund (D:4)
  2 water moccasins
  2 ice beasts (D:6)
  2 black bears
  2 centaurs
  A lemure (D:4)
  Blork the orc (D:5)
  2 bullfrogs
  2 wyvern zombies (D:7)
  3 scorpions
  A water moccasin zombie (D:7)
  6 wights
  4 howler monkeys
  A bullfrog zombie (D:7)
  A quasit (D:6)
  A jelly (D:3)
  An orc priest (D:7)
  6 hounds
  A human skeleton (D:5)
  2 iguanas
  2 orc wizards (D:5)
  4 killer bee zombies (D:7)
  A hound skeleton (D:5)
  5 adders
  A river rat (D:3)
  2 shadow imps
  A white imp (D:5)
  A ribbon worm (D:3)
  3 dart slugs
  13 orcs
  3 bats (D:1)
  5 endoplasms
  5 giant cockroaches
  3 goblins
  4 hobgoblins
  4 jackals (D:1)
  3 quokkas
  4 ball pythons
  A frilled lizard (D:3)
  A goblin skeleton (D:6)
  2 goblin zombies (D:6)
  4 hobgoblin zombies (D:6)
  7 kobolds
  2 kobold skeletons (D:6)
  A kobold zombie (D:6)
  An orc zombie (D:6)
  5 rats
144 creatures vanquished.

Vanquished Creatures (collateral kills)
  An ogre (D:5)
  A phantom (D:6)
  A bat (D:1)
3 creatures vanquished.

Vanquished Creatures (others)
  A hobgoblin zombie (D:3)
  A kobold skeleton (D:6)
2 creatures vanquished.

Grand Total: 149 creatures vanquished

Notes
Turn   | Place    | Note
-------+----------+-------------------------------------------
     0 | D:1      | ezpacito the Demonspawn Chaos Knight began the quest for
                  | the Orb.
     0 | D:1      | Reached XP level 1. HP: 18/18 MP: 1/1
    99 | D:1      | Reached skill level 1 in Dodging
   118 | D:1      | XOM: silly message
   211 | D:1      | XOM: silly message
   213 | D:1      | Gained mutation: You have a somewhat thin skeletal
                  | structure. (Dex +2, Stealth+) [demonic ancestry]
   213 | D:1      | Reached XP level 2. HP: 23/24 MP: 2/2
   282 | D:1      | XOM: summons 2 hostile demons
   283 | D:1      | Noticed a crimson imp
   293 | D:1      | XOM: 4-stop teleportation journey
   583 | D:1      | XOM: noise
   828 | D:2      | Reached XP level 3. HP: 29/29 MP: 3/3
   964 | D:2      | Learned a level 2 spell: Ensorcelled Hibernation
  1224 | D:3      | Reached skill level 1 in Unarmed Combat
  1316 | D:3      | Gained mutation: A meltable shield of frost defends you.
                  | (SH +4) [demonic ancestry]
  1316 | D:3      | Reached XP level 4. HP: 29/35 MP: 3/5
  1394 | D:3      | Found an opulent altar of Gozag.
  1597 | D:3      | Found a runed translucent door.
  1603 | D:3      | XOM: 2-stop teleportation journey
  1754 | D:3      | XOM: silly message
  1936 | D:3      | Noticed DeathSocks's ghost (amateur DsNe)
  1938 | D:3      | Noticed Grinder
  1941 | D:3      | Paralysed by Grinder for 4 turns
  1944 | D:3      | Grinder changed into Grinder the ice devil
  1944 | D:3      | Noticed Grinder
  1944 | D:3      | XOM: polymorph Grinder -> Grinder the ice devil
  1959 | D:3      | Killed Grinder the ice devil
  1960 | D:3      | Reached skill level 1 in Polearms
  1960 | D:3      | Reached skill level 1 in Stealth
  1960 | D:3      | Reached skill level 1 in Spellcasting
  1960 | D:3      | Reached skill level 1 in Hexes
  1960 | D:3      | Reached skill level 1 in Evocations
  1960 | D:3      | Gained mutation: You sometimes gain a little power by
                  | taking damage. [demonic ancestry]
  1960 | D:3      | Reached XP level 5. HP: 27/42 MP: 5/7
  1960 | D:3      | Gained mutation: A meltable icy envelope protects you from
                  | harm. (AC +8) [demonic ancestry]
  1960 | D:3      | Reached XP level 6. HP: 31/48 MP: 5/8
  2068 | D:3      | Found a runed translucent door.
  2085 | D:3      | XOM: chaos cloud
  2141 | D:3      | HP: 2/42 [DeathSocks's ghost/nerve-wracking pain (13)]
  2141 | D:3      | XOM: butterfly on damage
  2164 | D:3      | XOM: confuse monster(s)
  2172 | D:3      | Killed DeathSocks's ghost
  2173 | D:3      | Reached skill level 4 in Fighting
  2173 | D:3      | Reached XP level 7. HP: 39/54 MP: 8/10
  2315 | D:4      | Identified the +4 rapier "Tajuis" {spect, Dex+2}
  2551 | D:4      | Found a sparkling altar of Nemelex Xobeh.
  2576 | D:4      | Noticed Pikel
  2584 | D:4      | XOM: confusion (+ monsters)
  2598 | D:4      | Killed Pikel
  2599 | D:4      | Reached XP level 8. HP: 35/61 MP: 11/11
  2730 | D:4      | XOM: 5-stop teleportation journey
  2848 | D:4      | XOM: cloud trail
  2951 | D:4      | Noticed Edmund
  2960 | D:4      | XOM: chaos cloud
  2969 | D:4      | Killed Edmund
  3059 | D:4      | XOM: stat loss: -1 Str (13/14)
  3384 | D:4      | Learned a level 2 spell: Sublimation of Blood
  3392 | D:4      | Learned a level 7 spell: Monstrous Menagerie
  3433 | D:5      | Entered Level 5 of the Dungeon
  3446 | D:5      | XOM: cloud trail
  3471 | D:5      | Noticed Blork the orc
  3478 | D:5      | Killed Blork the orc
  3667 | D:5      | Reached skill level 1 in Necromancy
  3760 | D:5      | XOM: scenery: summon butterflies
  3849 | D:5      | Found Mataro's Antique Weapon Shop.
  4059 | D:5      | Found a burning altar of Makhleb.
  4066 | D:5      | Reached skill level 1 in Summonings
  4068 | D:5      | XOM: scenery: summon butterflies
  4181 | D:5      | XOM: summons friendly white imp
  4188 | D:5      | Reached skill level 1 in Ice Magic
  4700 | D:6      | XOM: give mutation
  4700 | D:6      | Gained mutation: You expend magic power (3 MP) to
                  | strengthen your wands. [Xom's grace]
  4723 | D:6      | XOM: enchant monster (good)
  4724 | D:6      | Gained mutation: Your touch may inflict minor irresistible
                  | damage on your foes. [demonic ancestry]
  4724 | D:6      | Reached XP level 9. HP: 52/67 MP: 13/13
  4730 | D:6      | Reached skill level 5 in Fighting
  4791 | D:6      | Found a staircase to the Ecumenical Temple.
  4825 | D:6      | XOM: noise
  4836 | D:6      | XOM: cast spell 'Animate Armour'
  5049 | D:6      | XOM: cloud trail
  5069 | D:6      | Found a hide-covered altar of Uskayaw.
  5409 | Temple   | Entered the Ecumenical Temple
  5576 | D:7      | Noticed Joseph
  5589 | D:7      | Killed Joseph
  5778 | D:7      | XOM: give mutation
  5778 | D:7      | Gained mutation: You are vulnerable to cold. (rC-) [Xom's
                  | mischief]
  5820 | D:7      | XOM: cast spell 'Metabolic Englaciation'
  5833 | D:7      | Reached skill level 5 in Axes
  6077 | D:7      | Found Jiomach's Antique Armour Boutique.
  6109 | D:7      | XOM: divination: detect creatures
  6172 | D:7      | Reached XP level 10. HP: 67/73 MP: 16/16
  6289 | D:7      | XOM: give mutations
  6289 | D:7      | Gained mutation: Your muscles are strong. (Str +4, Int/Dex
                  | -1) [Xom's mischief]
  6289 | D:7      | Gained mutation: You have hidden genetic potential. [Xom's
                  | mischief]
  6785 | D:8      | a yak changed into a black mamba
  6785 | D:8      | Noticed a black mamba
  6786 | D:8      | Reached skill level 6 in Fighting
  6786 | D:8      | Reached skill level 5 in Armour
  6786 | D:8      | Reached skill level 5 in Dodging
  6786 | D:8      | Reached skill level 5 in Unarmed Combat
  6786 | D:8      | Reached skill level 5 in Spellcasting
  6786 | D:8      | Reached skill level 5 in Necromancy
  6786 | D:8      | Gained mutation: A meltable icy envelope protects you from
                  | harm. (AC +8) [demonic ancestry]
  6786 | D:8      | Reached XP level 11. HP: 65/83 MP: 16/18
  6789 | D:8      | XOM: confusion
  6807 | D:8      | XOM: summons 6 hostile demons
  6815 | D:8      | HP: 3/83 [chaos spawn[Xom] (8)]
  6819 | D:8      | Mangled by a red devil

Illustrated notes

Levels and vault maps discovered:
D:1:      dpeg_arrival_round_b, layout_basic, minmay_tromino_i2
D:2:      layout_rooms
D:3:      layout_basic, mainiacjoe_overflow_brackets,
          mainiacjoe_overflow_concentric_impassable, ebering_ghost_sewer_f,
          uniq_grinder
D:4:      layout_basic, mainiacjoe_overflow_tiny_flanked, uniq_pikel,
          uniq_edmund
D:5:      layout_layer_cave, makhleb_blood_cavern_becter, serial_shops,
          nicolae_stop_n_shop_1, uniq_blork_the_orc
D:6:      layout_cave_pools, kennysheep_mini, nicolae_tso_besieged_by_evil,
          minmay_temple_entry_mini_moons
D:7:      layout_gridville, serial_shops, nicolae_shop_tiny_waterfront,
          serial_undead, serial_undead_e, serial_undead_a, serial_undead_c,
          serial_undead_a, serial_undead_a, uniq_joseph
D:8:      layout_basic, mainiacjoe_overflow_alcove_2,
          grunt_lair_entry_orc_guard_hut, serial_shops,
          nicolae_shop_statue_plus, kennysheep_cross_room, uniq_gastronok
Temple:   jpeg_temple_alley_garden

Skill      XL: |  1  2  3  4  5  6  7  8  9 10 11 |
---------------+----------------------------------+-----
Dodging        | 1 2 3 4 5 |  5.3
Armour         | 2 3 4 5 |  5.8
Unarmed Combat | 1 2 3 4 5 |  5.2
Axes           | 3 4 5 |  5.9
Polearms       | 1 2 3 |  3.6
Stealth        | 1 2 3 4 |  4.0
Spellcasting   | 1 2 3 4 5 |  5.2
Hexes          | 1 2 3 |  3.7
Evocations     | 1 2 3 |  3.9
Fighting       | 4 5 6 |  6.5
Necromancy     | 1 3 5 |  5.1
Summonings     | 1 2 3 |  3.2
Ice Magic      | 1 2 |  2.9

Action                     |  1- 3 |  4- 6 |  7- 9 | 10-12 || total
---------------------------+-------+-------+-------+-------++-------
  Melee: Hand axe          |   105 |   107 |   239 |    46 ||   497
         Rapier            |       |       |    55 |       ||    55
         Touch             |       |       |    32 |    13 ||    45
  Throw: Dart              |     1 |       |       |       ||     1
   Cast: Ensorcelled Hiber |       |       |       |     1 ||     1
  Evoke: Wand              |       |     8 |       |     2 ||    10
    Use: Scroll            |     4 |     1 |     4 |    10 ||    19
         Potion            |     3 |     3 |     3 |    11 ||    20
   Stab: Sleeping          |     5 |     3 |     7 |       ||    15
         Paralysed         |       |     1 |     6 |       ||     7
         Confused          |       |     3 |     6 |     2 ||    11
         Petrified         |       |       |     9 |       ||     9
         Distracted        |       |       |     2 |       ||     2
         Invisible         |       |       |     7 |       ||     7
         Petrifying        |       |       |     2 |       ||     2
 Armour: Leather armour    |   112 |    69 |    21 |       ||   202
         Ring mail         |       |       |   178 |    82 ||   260
         Skin              |       |       |       |     8 ||     8
  Dodge: Dodged            |   113 |    48 |   255 |    87 ||   503
  Block: Other             |       |    13 |    32 |    17 ||    62

Table legend: (Time is in decaauts)
 A = Elapsed time spent in this place.
 B = Non-inter-level travel time spent in this place.
 C = Inter-level travel time spent in this place.
 D = Time resting spent in this place.
 E = Time spent auto-exploring this place.
 F = Levels seen in this place.
 G = Mean time per level.
                   A        B        C        D        E       F      G
               +--------+--------+--------+--------+--------+-----+--------+
         Total |   6923 |   6624 |    299 |    306 |   4831 |   9 |  769.2 |
       Dungeon |   6800 |   6574 |    226 |    306 |   4831 |   8 |  850.0 |
        Temple |    122 |     50 |     72 |      0 |      0 |   1 |  122.0 |
               +--------+--------+--------+--------+--------+-----+--------+

Top non-repeatable levels by time:
     D:5: 1220 daAuts
     D:4: 1182 daAuts
     D:3: 1160 daAuts
     D:7: 1050 daAuts
     D:1: 827 daAuts
     D:6: 778 daAuts
     D:2: 352 daAuts
     D:8: 228 daAuts
  Temple: 122 daAuts
